 Dungeon Crawl Stone Soup version 0.30.1 (webtiles) character file.

Game seed: 3461967555501558042

32 H0rd4k the Charlatan (level 3, -3/23 HPs)
             Began as an Octopode Artificer on July 3, 2023.
             Slain by an orc priest
             ... wielding a +0 short sword
              (6 damage)
             ... on level 3 of the Dungeon.
             The game lasted 00:00:55 (1011 turns).

H0rd4k the Charlatan (Octopode Artificer)           Turns: 1011, Time: 00:00:55

Health: -3/23      AC:  1    Str: 11    XL:     3   Next: 27%
Magic:  3/3        EV: 13    Int: 15    God:
Gold:   41         SH:  0    Dex: 12    Spells: 2/2 levels left

rFire   + . .        (no weapon)
rCold   . . .        (no shield)
rNeg    . . .        (helmet restricted)
rPois   .            (no amulet)
rElec   .            f - ring of protection from fire
rCorr   .            (no ring)
SInv    .            (no ring)
Will    .....        (no ring)
Stlth   +++          (no ring)
HPRegen 0.23/turn    (no ring)
MPRegen 0.08/turn    (no ring)
                     (no ring)

%: no passive effects
@: no status effects
A: almost no armour, amphibious, 8 rings, camouflage 1, gelatinous body 1,
(nimble swimmer 1), tentacles
a: no special abilities


You were on level 3 of the Dungeon.
You visited 1 branch of the dungeon, and saw 3 of its levels.

You collected 41 gold pieces.

Inventory:

Missiles
 a - 11 poisoned darts
Jewellery
 f - a ring of protection from fire (left tentacle)
Wands
 b - a wand of flame (15) (quivered)
 c - a wand of charming (11)
 d - a wand of iceblast (5)
Scrolls
 g - a scroll of enchant weapon {unknown}
 h - 2 scrolls of identify {unknown}
 j - a scroll of butterflies {unknown}
Potions
 e - a potion of brilliance {unknown}
 i - a potion of curing {unknown}


   Skills:
 + Level 1.0 Fighting
 + Level 2.7 Dodging
 + Level 2.0 Stealth
 + Level 0.4 Unarmed Combat
 + Level 4.2 Evocations


You had 2 spell levels left.
You didn't know any spells.
Your spell library contained the following spells:

 Spells                   Type           Power      Damage    Failure   Level
 Slow                     Hex            0%         N/A       26%         1
 Confusing Touch          Hex            0%         N/A       63%         3
 Vampiric Draining        Necr           0%         2d6       63%         3


Dungeon Overview and Level Annotations

Branches:
Dungeon (3/15)

Altars:

Shops:
D:2 ?


Innate Abilities, Weirdness & Mutations

You cannot wear most types of armour.
You are amphibious.
You can wear up to eight rings at the same time.
Your skin changes colour to match your surroundings (Stealth+).
Your rubbery body absorbs attacks. (AC +1, EV +1)
((You are camouflaged when in or above water. (Stealth+)))
You have tentacles for arms and can constrict up to eight enemies at once.


Message History

You kill the hobgoblin!
Your Stealth skill increases to level 2!
j - a scroll labelled OVIF JABUAR No target in view!
An orc priest comes into view. It is wielding a +0 short sword.
An orc priest is nearby!
An orc priest is nearby!
An orc priest is nearby! 3 orcs come into view.
An orc is wielding a +1 whip of electrocution.
Found a scroll labelled LAZUAPL PUNE.
The orc shouts! x3; The orc priest shouts!
You hear a shout!
The orc priest closely misses you.
A kobold comes into view. It is wielding a +2 dagger of venom.
You tentacle-slap the orc priest but do no damage.
Your grab misses the orc priest.
Your tentacle-slap misses the orc priest.
The orc priest hits you with a +0 short sword.
The orc hits you with a +0 dagger.
You tentacle-slap the orc priest but do no damage.
Your grab misses the orc priest. Your squeeze misses the orc priest.
The orc priest hits you but does no damage.
The orc hits you but does no damage.
You closely miss the orc priest. Your grab misses the orc priest.
The orc priest hits you with a +0 short sword.
The orc hits you with a +0 dagger.
The orc priest attacks as you move away!
The orc priest hits you with a +0 short sword.
Aiming: Charm
Press: ? - help, Shift-Dir - straight line, f - orc priest
Aim: an orc priest, wielding a +0 short sword and wearing a +0 leather armour (chance to affect: 59%)
The orc priest resists with significant effort.
The orc priest hits you with a +0 short sword.
* * * LOW HITPOINT WARNING * * *
Aiming: Charm
Press: ? - help, Shift-Dir - straight line, f/p - orc priest
Aim: an orc priest, wielding a +0 short sword and wearing a +0 leather armour (chance to affect: 59%)
The orc priest resists with significant effort.
The orc priest hits you with a +0 short sword.
You die...

... ...
#.. #.?
#.. #..
#.o#######
#Koo@....#
#.######.#
.. #.# ##
#.# ###.#
#...#
#.###
#.####
#....#


You could see an orc priest, 2 orcs and a kobold.

Vanquished Creatures
  An adder (D:2)
  A dart slug (D:3)
  2 bats (D:2)
  4 endoplasms
  3 giant cockroaches
  3 hobgoblins (D:3)
  A quokka (D:1)
  A ball python (D:2)
  A frilled lizard (D:2)
  A rat (D:3)
18 creatures vanquished.

Vanquished Creatures (collateral kills)
  An endoplasm (D:1)
1 creature vanquished.

Grand Total: 19 creatures vanquished

Notes
Turn   | Place    | Note
-------+----------+-------------------------------------------
     0 | D:1      | H0rd4k the Octopode Artificer began the quest for the Orb.
     0 | D:1      | Reached XP level 1. HP: 13/13 MP: 1/1
   177 | D:2      | Reached XP level 2. HP: 18/18 MP: 2/2
   274 | D:2      | Identified the +1 robe of Raoclero {Rampage *Corrode Drain
                  | Dex+4}
   455 | D:2      | Reached skill level 4 in Evocations
   528 | D:2      | Found Edac's Magic Scroll Shop.
   812 | D:3      | Reached XP level 3. HP: 16/23 MP: 3/3
  1011 | D:3      | Slain by an orc priest

Illustrated notes

Levels and vault maps discovered:
D:1:      dpeg_arrival_rhombus, layout_loops_ring
D:2:      layout_loops_corners, serial_shops, nicolae_shop_rolled_up
D:3:      layout_basic

Skill      XL: |  1  2  3 |
---------------+----------+-----
Evocations     | 4 |  4.2
Stealth        | 2 |  2.0
Fighting       | |  1.0
Dodging        | |  2.7
Unarmed Combat | |  0.4

Action                     || total
---------------------------++-------
  Melee: Unarmed           ||    52
         Tentacles         ||    13
         Constrict         ||    10
         Punch             ||     1
  Evoke: Wand              ||     4
   Stab: Sleeping          ||     3
 Armour: Skin              ||     6
  Dodge: Dodged            ||    39
